 Dungeon Crawl Stone Soup version 0.29.1-13-g9f3cf754e1 (webtiles) character file.

Game seed: 11932674694610605077

0 growler the Insei (level 1, 0/13 HPs)
             Began as an Octopode Transmuter on Jan 20, 2023.
             Slain by a rat (1 damage)
             ... on level 1 of the Dungeon.
             The game lasted 00:00:21 (38 turns).

growler the Insei (Octopode Transmuter)               Turns: 38, Time: 00:00:21

Health: 0/13       AC:  1    Str:  9    XL:     1   Next: 10%
Magic:  3/3        EV: 13    Int: 15    God:
Gold:   0          SH:  0    Dex: 12    Spells: 3/4 levels left

rFire   . . .      SeeInvis .     - Unarmed
rCold   . . .      Faith    .   (no shield)
rNeg    . . .      Spirit   .   (helmet restricted)
rPois   .          Reflect  .   (no amulet)
rElec   .          Harm     .   (no ring)
rCorr   .          Rampage  .   (no ring)
Will    .....                   (no ring)
Stlth   ++........              (no ring)
HPRegen 0.04/turn               (no ring)
MPRegen 0.08/turn               (no ring)
                                (no ring)
                                (no ring)

@: no status effects
A: almost no armour, amphibious, 8 rings, camouflage 1, gelatinous body 1,
(nimble swimmer 1), tentacles
a: no special abilities


You were on level 1 of the Dungeon.
You visited 1 branch of the dungeon, and saw 1 of its levels.

Inventory:

Potions
 a - a potion of lignification


   Skills:
 - Level 1.0 Fighting
 - Level 2.0 Dodging
 + Level 3.0 Unarmed Combat
 + Level 2.0 Spellcasting
 + Level 2.0 Transmutations


You had 3 spell levels left.
You knew the following spells:

 Your Spells              Type           Power      Damage    Failure   Level
a - Beastly Appendage     Tmut           14%        N/A       10%         1

Your spell library contained the following spells:

 Spells                   Type           Power      Damage    Failure   Level
 Wereblood                Tmut           7%         N/A       14%         2
 Spider Form              Tmut/Pois      4%         N/A       41%         3
 Ice Form                 Ice/Tmut       4%         N/A       82%         4


Dungeon Overview and Level Annotations

Branches:
Dungeon (1/15)

Altars:


Innate Abilities, Weirdness & Mutations

You cannot wear most types of armour.
You are amphibious.
You can wear up to eight rings at the same time.
Your skin changes colour to match your surroundings (Stealth+).
Your rubbery body absorbs attacks. (AC +1, EV +1)
((You are camouflaged when in or above water. (Stealth+)))
You have tentacles for arms and can constrict up to eight enemies at once.


Message History

The kobold is moderately wounded.
The kobold barely misses you.
You barely miss the kobold.
The endoplasm quivers.
Your grab misses the kobold. Your squeeze misses the kobold.
The kobold is moderately wounded.
The bat closely misses you.
The kobold hits you with a +0 short sword.
You barely miss the kobold. You grab the kobold.
The kobold is moderately wounded.
You constrict the kobold. The bat closely misses you.
The kobold hits you but does no damage.
You tentacle-slap the kobold.
You kill the kobold!
The bat hits you.
You closely miss the rat. Your grab misses the rat. The bat barely misses you.
The rat misses you. The endoplasm barely misses you.
You closely miss the rat. Your grab misses the rat. The bat barely misses you.
The rat bites you. The bat closely misses you. The endoplasm freezes you.
You are frozen.
You are too injured to fight recklessly!
You are too injured to fight recklessly!
You are too injured to fight recklessly!
The rat attacks as you move away! The rat bites you.
* * * LOW HITPOINT WARNING * * *
The bat misses you.
You tentacle-slap the rat but do no damage.
Your grab misses the rat. The bat barely misses you. The rat misses you.
You closely miss the rat. Your grab misses the rat. The bat barely misses you.
The rat barely misses you.
You completely miss the endoplasm. The bat hits you but does no damage.
The bat misses you. The endoplasm completely misses you. The rat bites you.
* * * LOW HITPOINT WARNING * * *
You barely miss the endoplasm. The bat hits you but does no damage.
The rat barely misses you. The endoplasm barely misses you.
You tentacle-slap the endoplasm. Your squeeze misses the endoplasm.
The endoplasm is moderately wounded.
The bat hits you but does no damage. The rat bites you.
You die...

~~.............#
~~.............###
.~........)......#
~~...............#
###...........#
###........##
###.......#
........b#
####.###@.###
#.....Jr..#
#..>...).......
#.....#..###..#
#..(..#... ..
#..........
#.....#.....
#............ #...
#.......


You could see an endoplasm, a bat and a rat.

Vanquished Creatures
  A kobold (D:1)
1 creature vanquished.

Notes
Turn   | Place    | Note
-------+----------+-------------------------------------------
     0 | D:1      | growler the Octopode Transmuter began the quest for the
                  | Orb.
     0 | D:1      | Reached XP level 1. HP: 13/13 MP: 3/3
    38 | D:1      | Slain by a rat

Illustrated notes

Levels and vault maps discovered:
D:1:      nicolae_arrival_washed_ashore, layout_rooms,
          ebering_ecumenical_altar_petrified

Action                   || total
-------------------------++-------
Melee: Unarmed           ||    12
       Constrict         ||     1
Armor: Skin              ||     4
Dodge: Dodged            ||    17
